 Dungeon Crawl Stone Soup version 0.30-a0-845-g7c6808c8ce (webtiles) character file.

Game seed: 9108239227048246682

7436 Duck the Cleaver (level 10, -9/83 HPs)
             Began as a Demonspawn Berserker on Mar 2, 2023.
             Was an Elder of Trog.
             Mangled by an orc knight
             ... wielding a +0 bardiche
              (17 damage)
             ... in a bailey.
             The game lasted 00:25:02 (6793 turns).

Duck the Cleaver (Demonspawn Berserker)             Turns: 6793, Time: 00:25:02

Health: -9/83      AC: 20    Str: 19    XL:     10   Next: 93%
Magic:  19/19      EV: 12    Int:  9    God:    Trog [****..]
Gold:   446        SH:  0    Dex: 15    Spells: 9/9 levels left

rFire   . . .      SeeInvis .    b - +1 executioner's axe "Taheapn" {protect, rN+ MP+9}
rCold   . . .      Faith    .    (shield currently unavailable)
rNeg    + . .      Spirit   .    i - +0 chain mail
rPois   .          Reflect  .    (no helmet)
rElec   .          Rampage  .    d - +2 cloak
rCorr   .                        (gloves unavailable)
Will    +++..                    (no boots) Stlth
                                 (no amulet)
HPRegen 1.33/turn                n - ring of willpower
MPRegen 0.16/turn                (no ring)

@: mighty, strong-willed, under a protective aura, on berserk cooldown,
regenerating, slowed, very slow
A: repulsion field 1, powered by death 2, powered by pain 1, demonic touch 3
a: Renounce Religion, Berserk, Trog's Hand, Brothers in Arms


You were in a bailey.
You worshipped Trog.
Trog was greatly pleased with you.
You visited 1 branch of the dungeon, and saw 7 of its levels.
You also visited: Sewer and Bailey.

You collected 446 gold pieces.

Inventory:

Hand Weapons
 b - the +1 executioner's axe "Taheapn" (weapon) {protect, rN+ MP+9}
   (You acquired it on level 5 of the Dungeon)

   rN:        It protects you from negative energy.
   MP:        It affects your magic capacity (+9).
 p - a +0 battleaxe
 w - a +0 war axe
Missiles
 o - a throwing net (quivered)
Armour
 d - a +2 cloak (worn)
 i - a +0 chain mail (worn)
Jewellery
 n - a ring of willpower (left hand)
Scrolls
 h - a scroll of identify
 j - 2 scrolls of vulnerability {unknown}
 l - a scroll of magic mapping
 m - a scroll of enchant armour {unknown}
Potions
 c - 2 potions of lignification
 f - a potion of attraction
 g - 5 potions of flight
 k - a potion of berserk rage
 q - 2 potions of might
 r - 3 potions of mutation {unknown}
 s - a potion of haste
 t - a potion of curing {unknown}
 u - a potion of cancellation {unknown}
 v - a potion of heal wounds
 x - a potion of invisibility {unknown}


   Skills:
 + Level 9.0 Fighting
 * Level 11.0 Axes
 - Level 5.3 Armour
 - Level 7.7 Dodging


You had 9 spell levels left.
You didn't know any spells.
Your spell library was empty.

Dungeon Overview and Level Annotations

Branches:
Dungeon (7/15)             Temple (0/1) D:4           Sewer (visited)
 Bailey (1/1)

Altars:
Fedhas
Nemelex Xobeh
Okawaru
Trog
Uskayaw

Annotations:
D:5 1 runed translucent door, bigduke15's ghost, novice AtFi


Innate Abilities, Weirdness & Mutations

You are surrounded by a mild repulsion field. (EV +2)
You regenerate health from kills.
You sometimes gain a little power by taking damage.
Your touch may irresistibly damage your foes and sap their willpower.


Message History

Your black bear bites the orc warrior!
Your black bear misses the orc warrior.
Your black bear claws the orc warrior.
The orc warrior barely misses you.
The orc warrior hits you from afar with a +0 halberd.
Your black bear bites the orc warrior.
Your black bear closely misses the orc warrior.
Your black bear misses the orc warrior.
The orc warrior hits you with a +0 glaive!
The orc knight hits you with a +0 bardiche!
The orc hits you from afar with a +0 halberd.
The orc warrior hits you from afar with a +0 halberd!!
You slash the orc knight!
Your weapon exudes an aura of protection.
The orc knight is lightly wounded.
You hit the orc warrior.
Your black bear bites the orc warrior.
Your black bear closely misses the orc warrior. x2
Your black bear barely misses the orc warrior.
Your black bear claws the orc warrior!
The orc warrior dies!
Trog accepts your kill.
The orc warrior hits you from afar with a +0 halberd!
* * * LOW HITPOINT WARNING * * *
The orc barely misses you. The orc knight closely misses you.
Your black bear bites the orc warrior.
Your black bear closely misses the orc warrior.
Your black bear claws the orc warrior but does no damage.
The orc knight hits you with a +0 bardiche!
* * * LOW HITPOINT WARNING * * *
The orc barely misses you.
The orc warrior hits you but does no damage.
Your skin crawls.
You feel strong-willed.
The orc warrior no longer looks unusually strong.
Your black bear misses the orc warrior.
Your black bear claws the orc warrior but does no damage.
Your black bear misses the orc warrior.
Your black bear bites the orc warrior!
Your black bear closely misses the orc warrior.
Your black bear barely misses the orc warrior.
The orc hits you but does no damage.
The orc knight hits you with a +0 bardiche!
You die...

####### #######
##)..).#########.....###
####)).....#....o#.......'.
...#.)##...'....@'o.#....'.
...')÷8....'.....).......'o
..)#÷.##.).'....ho..#....'.
####).))...#.....#.......'.
##.))..#########.....###
####### #######


You could see an orc knight, an orc warrior (ally target), an orc (strong) and a
friendly black bear (summoned, berserk).

Vanquished Creatures
  Pikel (D:4)
  A kobold demonologist (D:6)
  A yak (D:6)
  2 water moccasins (D:6)
  Duvessa (D:7)
  Pargi (Sewer)
  7 orc warriors (Bailey)
  2 ogres
  A lemure (D:3)
  3 phantoms
  3 bullfrogs (D:7)
  A scorpion (D:3)
  5 wights (D:6)
  Dowan (D:7)
  3 howler monkeys (D:7)
  4 hounds
  A jelly (D:5)
  3 orc priests
  A sleepcap (D:5)
  2 iguanas
  6 orc wizards
  5 gnolls
  8 river rats (D:5)
  9 adders
  A shadow imp (D:5)
  4 worms
  2 dart slugs
  38 orcs
  4 ball pythons
  5 endoplasms
  6 giant cockroaches
  14 goblins
  11 hobgoblins
  8 quokkas
  2 bats
  2 frilled lizards
  9 kobolds
  18 rats
196 creatures vanquished.

Vanquished Creatures (collateral kills)
  An orc warrior (Bailey)
1 creature vanquished.

Vanquished Creatures (others)
  A gnoll (D:4)
1 creature vanquished.

Grand Total: 198 creatures vanquished

Notes
Turn   | Place    | Note
-------+----------+-------------------------------------------
     0 | D:1      | Duck the Demonspawn Berserker began the quest for the Orb.
     0 | D:1      | Reached XP level 1. HP: 18/18 MP: 1/1
    58 | D:1      | Gained mutation: You regenerate a little health from kills.
                  | [demonic ancestry]
    58 | D:1      | Reached XP level 2. HP: 18/24 MP: 2/2
   433 | D:1      | Reached skill level 3 in Axes
   778 | D:2      | Reached ** piety under Trog
   779 | D:2      | Gained mutation: You regenerate health from kills. [demonic
                  | ancestry]
   779 | D:2      | Reached XP level 3. HP: 17/29 MP: 3/3
   930 | D:2      | Found a faded altar of an unknown god.
  2136 | D:3      | You fall into a shaft and drop 1 floor!
  2151 | D:4      | Noticed a lemure
  2154 | D:4      | Noticed Pikel
  2155 | D:4      | Gained mutation: Your touch may inflict minor irresistible
                  | damage on your foes. [demonic ancestry]
  2155 | D:4      | Reached XP level 4. HP: 35/35 MP: 4/4
  2634 | D:3      | Found a sparkling altar of Nemelex Xobeh.
  3084 | D:4      | Noticed a scorpion
  3097 | D:3      | Killed a scorpion
  3098 | D:3      | Reached skill level 4 in Axes
  3098 | D:3      | Reached XP level 5. HP: 27/41 MP: 5/5
  3212 | D:4      | Noticed a lemure
  3307 | D:3      | Killed a lemure
  3381 | D:4      | Found a bloodstained altar of Trog.
  3381 | D:4      | Found an iron altar of Okawaru.
  3417 | D:4      | Noticed a lemure
  3421 | D:4      | Killed Pikel
  3422 | D:4      | Reached skill level 6 in Axes
  3422 | D:4      | Reached XP level 6. HP: 47/47 MP: 6/6
  3422 | D:4      | Gained mutation: Your touch may inflict irresistible damage
                  | on your foes. [demonic ancestry]
  3422 | D:4      | Reached XP level 7. HP: 52/52 MP: 7/7
  3656 | D:4      | Found a hide-covered altar of Uskayaw.
  3736 | D:4      | Found a staircase to the Ecumenical Temple.
  3932 | D:5      | Entered Level 5 of the Dungeon
  4011 | D:5      | Reached skill level 7 in Axes
  4042 | D:5      | Found a runed translucent door.
  4059 | D:5      | Reached *** piety under Trog
  4265 | D:5      | Noticed bigduke15's ghost (novice AtFi)
  4277 | D:5      | Found a blossoming altar of Fedhas.
  4402 | D:5      | Identified a scroll of acquirement
  4402 | D:5      | Acquired the +1 executioner's axe "Taheapn" {protect, rN+
                  | MP+9}
  4532 | D:5      | Gained mutation: You are surrounded by a mild repulsion
                  | field. (EV +2) [demonic ancestry]
  4532 | D:5      | Reached XP level 8. HP: 38/58 MP: 8/8
  4782 | D:5      | Reached skill level 5 in Armour
  5084 | D:5      | Reached skill level 8 in Axes
  5525 | D:6      | Reached skill level 9 in Axes
  5568 | D:6      | Noticed a kobold demonologist
  5576 | D:6      | Noticed a sixfirhy
  5578 | D:6      | Killed a kobold demonologist
  5579 | D:6      | Reached skill level 5 in Fighting
  5579 | D:6      | Gained mutation: Your touch may irresistibly damage your
                  | foes and sap their willpower. [demonic ancestry]
  5579 | D:6      | Reached XP level 9. HP: 68/68 MP: 9/9
  5656 | D:6      | Reached **** piety under Trog
  5754 | D:6      | Found a glowing drain.
  5758 | Sewer    | Entered a sewer
  5798 | Sewer    | Noticed Pargi
  5818 | Sewer    | Killed Pargi
  6391 | D:7      | Found a flagged portal.
  6392 | D:7      | Noticed Dowan
  6392 | D:7      | Noticed Duvessa
  6403 | D:7      | Killed Dowan
  6404 | D:7      | Reached skill level 10 in Axes
  6405 | D:7      | Killed Duvessa
  6433 | Bailey   | Entered a bailey
  6670 | Bailey   | Gained mutation: You sometimes gain a little power by
                  | taking damage. [demonic ancestry]
  6670 | Bailey   | Reached XP level 10. HP: 82/82 MP: 10/10
  6740 | Bailey   | Noticed an orc knight
  6774 | Bailey   | Reached skill level 11 in Axes
  6793 | Bailey   | Mangled by an orc knight

Illustrated notes

Levels and vault maps discovered:
D:1:      psy_arrival_radial01, layout_rooms
D:2:      layout_basic, ebering_ecumenical_altar_rust, minmay_misc_feat_pillars
D:3:      layout_basic, mainiacjoe_overflow_alcove_2
D:4:      layout_rooms, grunt_temple_overflow_bloody_war,
          nicolae_uskayaw_murder_on_the_dancefloor,
          minmay_temple_entry_enclosed_plants, uniq_pikel
D:5:      lemuel_ratsnest, layout_basic, mainiacjoe_overflow_small_starburst,
          hellmonk_ghost_happy_afterlife, minmay_fractal_squares_diagonal_5
D:6:      kennysheep_big_flooded_room, layout_cave_pools, gup_sewer_entry_bowl,
          kennysheep_decorative_pillar
D:7:      layout_basic, enter_bailey_5, serial_aquarium,
          aquarium_bridge_straight [aquarium_subvault_bridge,
          aquarium_subvault_window, aquarium_subvault_bridge,
          aquarium_subvault_wall], aquarium_bridge_long_separate
          [aquarium_subvault_wall, aquarium_subvault_wall,
          aquarium_subvault_bridge, aquarium_subvault_bridge,
          aquarium_subvault_bridge, aquarium_subvault_wall],
          aquarium_window_fake, aquarium_window_fake, aquarium_window_2,
          aquarium_window_fake, aquarium_view_2c, aquarium_view_2d,
          aquarium_pool_S, gammafunk_ghost_smash, uniq_duvessa, uniq_joseph
Bailey:   bailey_polearm_5, bailey

Skill      XL: |  1  2  3  4  5  6  7  8  9 10 |
---------------+-------------------------------+-----
Armour         | 2 4 5 |  5.3
Dodging        | 2 7 |  7.7
Axes           | 3 4 6 7 9 10 11 | 11.0
Fighting       | 5 8 9 |  9.0

Action                     |  1- 3 |  4- 6 |  7- 9 | 10-12 || total
---------------------------+-------+-------+-------+-------++-------
  Melee: Hand axe          |   124 |    57 |    76 |       ||   257
         Touch             |       |    10 |    10 |       ||    20
         Punch             |       |     1 |     1 |       ||     2
         Halberd           |       |       |    14 |       ||    14
         Executioner's axe |       |       |   258 |    11 ||   269
 Invoke: Berserk           |     1 |     2 |     7 |     1 ||    11
         Trog's Hand       |       |       |     2 |     1 ||     3
         Brothers in Arms  |       |       |       |     1 ||     1
    Use: Scroll            |     8 |       |     8 |       ||    16
         Potion            |       |       |     3 |     1 ||     4
 Armour: Animal skin       |     1 |       |       |       ||     1
         Ring mail         |    28 |       |       |       ||    28
         Scale mail        |     3 |    22 |    23 |       ||    48
         Chain mail        |       |       |   286 |    11 ||   297
  Dodge: Dodged            |    61 |    30 |   267 |    27 ||   385

Table legend: (Time is in decaauts)
 A = Elapsed time spent in this place.
 B = Non-inter-level travel time spent in this place.
 C = Inter-level travel time spent in this place.
 D = Time resting spent in this place.
 E = Time spent auto-exploring this place.
 F = Levels seen in this place.
 G = Mean time per level.
                   A        B        C        D        E       F      G
               +--------+--------+--------+--------+--------+-----+--------+
         Total |   6991 |   6754 |    237 |   2013 |   3272 |   9 |  776.8 |
       Dungeon |   6312 |   6075 |    237 |   1718 |   3181 |   7 |  901.7 |
         Sewer |    288 |    288 |      0 |    136 |     91 |   1 |  288.0 |
        Bailey |    390 |    390 |      0 |    159 |      0 |   1 |  390.0 |
               +--------+--------+--------+--------+--------+-----+--------+

Top non-repeatable levels by time:
     D:3: 1413 daAuts
     D:5: 1403 daAuts
     D:2: 1235 daAuts
     D:6: 886 daAuts
     D:1: 667 daAuts
     D:4: 653 daAuts
  Bailey: 390 daAuts
   Sewer: 288 daAuts
     D:7: 52 daAuts
